Map: 블랙번 - 래더

Players

Classic

  • Race: Protoss Protoss
  • League: Master

Dream - Winner!

  • Race: Terran Terran
  • League: Master

VOD

Have the link to the VOD?

Description

Time

  • Played on: Oct. 21, 2021, 8:57 a.m.
  • Length: 17:03
Show
View Real Time Build Order
Export as new Build Order

Classic Protoss 

Build Orders: 1 Gate Expand, Oracle Opening, Phoenix Opening 

Get SALT Encoding   

  12  0:00  Probe  
  13  0:12  Probe  
  14  0:19  Pylon  
  14  0:24  Probe  
  15  0:37  Probe (Chrono Boost), Gateway  
  16  0:47  Probe (Chrono Boost), Assimilator  
  17  0:52  Probe (Chrono Boost)  
  18  1:04  Probe  
  19  1:16  Probe  
  20  1:24  Nexus  
  20  1:34  Cybernetics Core  
  20  1:37  Probe  
  21  1:42  Assimilator  
  21  1:49  Probe  
  21  1:52  Pylon  
  22  2:01  Probe  
  23  2:07  Adept (Chrono Boost)  
  23  2:13  Probe  
  26  2:17  Stargate  
  26  2:24  Warp Gate  
  26  2:25  Probe  
  27  2:35  Probe  
  28  2:37  Probe, Stalker  
  31  2:48  Shield Battery  
  31  2:50  Probe x2  
  33  3:01  Oracle (Chrono Boost)  
  33  3:05  Probe  
  37  3:06  Probe  
  38  3:18  Probe  
  41  3:28  Oracle (Chrono Boost), Pylon  
  41  3:29  Probe  
  41  3:30  Probe  
  45  3:41  Probe (Chrono Boost)  
  45  3:42  Probe (Chrono Boost)  
  45  3:44  Gateway  
  46  3:53  Probe (Chrono Boost)  
  46  3:54  Probe (Chrono Boost)  
  47  3:58  Probe x2 (Chrono Boost), Phoenix  
  48  4:04  Pylon  
  48  4:05  Assimilator  
  48  4:07  Probe  
  48  4:09  Probe  
  50  4:13  Stalker  
  52  4:23  Probe x2, Pylon  
  54  4:30  Nexus  
  54  4:38  Twilight Council  
  54  4:40  Forge  
  54  4:42  Probe  
  54  4:44  Probe  
  56  4:51  Stalker  
  56  4:52  Stalker  
  60  4:55  Probe  
  60  4:56  Probe  
  62  5:00  Phoenix  
  62  5:04  Pylon  
  64  5:07  Probe (Chrono Boost)  
  64  5:08  Probe (Chrono Boost)  
  64  5:11  Protoss Ground Armor Level 1 (Chrono Boost)  
  66  5:15  Charge  
  66  5:19  Probe (Chrono Boost)  
  66  5:20  Probe (Chrono Boost)  
  68  5:26  Probe (Chrono Boost)  
  68  5:27  Probe (Chrono Boost)  
  70  5:29  Gateway  
  70  5:32  Gateway  
  70  5:33  Probe  
  70  5:34  Probe  
  72  5:37  Phoenix  
  74  5:44  Probe  
  74  5:46  Probe x2  
  77  5:50  Gateway  
  77  5:51  Gateway  
  77  5:56  Gateway  
  77  5:59  Gateway  
  77  6:02  Sentry, Phoenix  
  79  6:09  Sentry  
  83  6:12  Pylon  
  83  6:14  Pylon  
  80  6:22  Phoenix  
  80  6:26  Zealot x3  
  80  6:32  Pylon, Zealot  
  90  6:33  Pylon  
  90  6:45  Zealot x2  
  92  6:48  Pylon  
  94  6:56  Pylon, Zealot x6  
  103  7:02  Protoss Ground Armor Level 2 (Chrono Boost)  
  100  7:13  Pylon  
  96  7:21  Pylon  
  94  7:25  Zealot x5  
  104  7:31  Pylon  
  104  7:34  Phoenix (Chrono Boost)  
  86  7:46  Zealot x2  
  86  7:47  Zealot x6  
  86  7:49  Gateway  
  98  7:51  Phoenix (Chrono Boost)  
  98  7:52  Probe x3  
  103  8:08  Phoenix (Chrono Boost), Zealot x3  
  103  8:09  Zealot x2  
  113  8:13  Zealot x2  
  113  8:16  Zealot  
  119  8:27  Phoenix (Chrono Boost)  
  101  8:40  Zealot x8  
  93  8:44  Phoenix (Chrono Boost)  
  93  8:45  Zealot  
  93  9:01  Zealot  
  93  9:02  Zealot x7  
  109  9:06  Phoenix (Chrono Boost)  
  109  9:13  Zealot  
  109  9:29  Zealot x6  
  109  9:30  Zealot x2  
  121  9:32  Phoenix (Chrono Boost)  
  113  9:39  Zealot  
  113  9:59  Zealot x8  
  125  10:00  Zealot  
  125  10:06  Phoenix  
  115  10:21  Zealot x7  
  103  10:23  Zealot  
  103  10:27  Zealot  
  119  10:29  Protoss Ground Weapons Level 1 (Chrono Boost)  
  119  10:32  Phoenix (Chrono Boost)  
  121  10:46  Sentry x4  
  121  10:47  Zealot x4  
  137  10:54  Zealot  
  105  11:22  Zealot x3  
  105  11:23  Zealot x6  
  109  11:30  Nexus  
  81  11:49  Zealot x3  
  81  11:50  Zealot x6  
  99  11:58  Templar Archives  
  99  12:10  Zealot x7  
  99  12:14  Protoss Shields Level 1 (Chrono Boost), Zealot  
  115  12:18  Zealot  
  115  12:21  Phoenix (Chrono Boost)  
  117  12:41  Phoenix (Chrono Boost)  
  103  12:45  High Templar x4  
  103  12:46  Zealot x3  
  103  12:49  Archon  
  103  12:50  Archon  
  103  12:51  Zealot  
  119  12:57  Phoenix (Chrono Boost)  
  119  13:01  Pylon  
  121  13:07  Zealot  
  121  13:08  Zealot x2  
  127  13:18  Phoenix (Chrono Boost)  
  129  13:21  Zealot x2  
  129  13:22  Zealot x3  
  139  13:30  Zealot x3  
  139  13:33  Oracle (Chrono Boost)  
  148  13:43  Zealot x5  
  158  13:54  Photon Cannon  
  157  14:00  Zealot x3  
  160  14:07  Phoenix  
  132  14:10  Zealot x3  
  132  14:11  Zealot x2  
  91  14:32  Phoenix, Zealot x4  
  91  14:33  Zealot x4  
  91  14:37  Protoss Ground Weapons Level 2 (Chrono Boost)  
  101  14:50  Photon Cannon  
  101  14:57  High Templar x2, Photon Cannon  
  101  14:58  Zealot x6  
  101  14:59  Oracle (Chrono Boost)  
  117  15:12  Photon Cannon  
  114  15:14  Archon  
  112  15:37  Zealot x2  
  112  15:40  High Templar  
  112  15:41  Zealot x2, High Templar  
  112  15:42  Zealot  
  126  15:45  Archon  
  126  15:49  Zealot  
  128  15:59  Zealot x2  
  132  16:16  High Templar  
  132  16:17  Zealot x4, High Templar  
  144  16:21  Archon, Zealot  
  146  16:48  Zealot x6  
  146  16:49  Zealot  
Show
View Real Time Build Order
Export as new Build Order

Dream Terran - Winner!

Build Orders: Reaper Expand 

Get SALT Encoding   

  12  0:00  SCV  
  13  0:12  SCV  
  14  0:17  Supply Depot  
  14  0:24  SCV  
  15  0:38  SCV  
  15  0:41  Barracks  
  16  0:44  Refinery  
  16  0:50  SCV  
  17  1:02  SCV  
  18  1:15  SCV  
  19  1:27  Orbital Command  
  19  1:28  Reaper  
  20  1:44  Command Center  
  20  1:53  SCV  
  21  1:54  Supply Depot  
  21  2:01  Bunker  
  21  2:06  SCV  
  23  2:10  Barracks Reactor  
  22  2:18  SCV  
  22  2:21  Factory  
  23  2:30  SCV  
  23  2:35  Bunker  
  24  2:43  SCV, Refinery  
  25  2:46  Marine x2  
  27  2:55  SCV  
  27  2:56  Orbital Command  
  28  3:04  Marine x2  
  32  3:07  SCV  
  32  3:11  Starport  
  31  3:19  SCV  
  32  3:26  SCV, Widow Mine  
  34  3:29  Marine x2  
  34  3:31  SCV  
  37  3:39  SCV  
  37  3:40  Supply Depot  
  38  3:43  SCV  
  38  3:48  Viking  
  41  3:51  SCV  
  41  3:54  Marine  
  41  3:55  Marine, SCV  
  44  4:03  SCV  
  44  4:04  Barracks  
  44  4:08  SCV  
  44  4:09  Barracks  
  44  4:13  Marine x2  
  44  4:15  SCV  
  47  4:18  Medivac, Engineering Bay  
  47  4:21  Factory Tech Lab  
  49  4:25  SCV  
  49  4:27  SCV  
  51  4:31  Marine x2, Refinery  
  51  4:32  Supply Depot  
  51  4:37  SCV  
  54  4:46  Supply Depot  
  54  4:48  Starport Tech Lab  
  54  4:50  Terran Infantry Weapons Level 1  
  54  4:51  Supply Depot  
  54  4:53  Marine x2, SCV x2  
  58  5:00  Marine, Stimpack  
  58  5:03  Factory Reactor  
  58  5:04  Supply Depot  
  58  5:05  SCV x2  
  61  5:10  Combat Shield  
  61  5:11  Marine x2  
  61  5:12  Marine  
  64  5:14  Starport Reactor  
  64  5:17  SCV x2  
  64  5:19  Refinery  
  64  5:21  Marine  
  67  5:28  Supply Depot  
  67  5:29  Marine x2  
  67  5:30  SCV x2  
  71  5:39  Widow Mine  
  71  5:40  Widow Mine  
  75  5:43  Marine, Marauder  
  75  5:46  Command Center  
  75  5:48  Marine  
  75  5:49  Marauder  
  81  5:52  Medivac  
  81  5:54  Medivac  
  85  6:01  Marine  
  86  6:05  SCV x2  
  86  6:06  Marine  
  86  6:07  Supply Depot  
  86  6:08  Marauder  
  86  6:10  Marauder  
  93  6:17  Supply Depot, SCV  
  94  6:27  Barracks  
  94  6:29  Marine x2, SCV  
  94  6:32  Barracks  
  99  6:33  Widow Mine x2  
  99  6:36  Concussive Shells  
  99  6:38  Medivac  
  99  6:39  Medivac  
  103  6:40  SCV  
  103  6:41  SCV  
  103  6:45  Marine  
  103  6:46  Marine  
  107  6:52  Marine x2  
  107  6:53  SCV  
  107  6:54  SCV, Terran Infantry Armor Level 1  
  110  6:56  Supply Depot  
  107  7:02  Orbital Command  
  107  7:05  SCV  
  107  7:07  Marine, Widow Mine  
  107  7:08  Widow Mine  
  106  7:17  Marine x2  
  106  7:20  Barracks Reactor, Barracks Tech Lab  
  106  7:21  SCV x2  
  103  7:23  Ghost Academy  
  103  7:28  Orbital Command  
  103  7:29  Widow Mine x2  
  107  7:33  SCV x2  
  107  7:35  Marine  
  107  7:36  Marine  
  109  7:40  Marine x2  
  109  7:43  Marine  
  98  7:45  SCV x2  
  98  7:50  Liberator x2  
  103  7:53  Marine x2  
  103  7:56  Marine  
  103  7:57  Marine  
  103  7:58  SCV x2  
  109  8:00  SCV, Ghost  
  109  8:01  Ghost  
  109  8:03  Enhanced Shockwaves  
  114  8:08  Refinery  
  114  8:09  Refinery, Ghost  
  114  8:12  Marine  
  114  8:13  Marine  
  114  8:14  Marine  
  114  8:15  Marine  
  114  8:19  Missile Turret  
  118  8:22  Widow Mine x2  
  122  8:30  Marine x2, Supply Depot  
  122  8:32  Marine x2, Ghost  
  116  8:40  SCV x3, Ghost  
  116  8:48  Marine x2  
  116  8:50  Marine x2  
  120  8:57  Marauder  
  120  8:59  SCV x3  
  120  9:02  Engineering Bay  
  125  9:03  Armory  
  125  9:06  Marine x2  
  125  9:08  Marine x2  
  129  9:12  Supply Depot  
  129  9:13  Marauder x2, Supply Depot x2  
  130  9:18  SCV x3  
  130  9:24  Marine x2  
  128  9:25  Marine  
  128  9:26  Marine  
  128  9:30  SCV x2  
  133  9:34  SCV  
  133  9:36  Supply Depot  
  131  9:41  Marine  
  131  9:42  Marine  
  131  9:43  Marine, Supply Depot, Ghost x2  
  131  9:44  Marine  
  139  9:48  Ghost  
  139  9:59  Marine x2  
  132  10:01  Marine x2  
  132  10:02  SCV x2  
  132  10:05  SCV  
  129  10:12  Marine, Ghost  
  129  10:14  SCV x2  
  110  10:17  Marine, Medivac  
  88  10:21  Medivac  
  109  10:23  Marine  
  109  10:25  Marine  
  115  10:28  Terran Infantry Weapons Level 2  
  115  10:33  Terran Infantry Armor Level 2  
  115  10:34  Marine x2  
  114  10:44  Widow Mine x2  
  114  10:47  Medivac  
  114  10:48  Marine x2, Ghost  
  114  10:49  Marine x2  
  125  10:52  Marine  
  127  11:00  Marine  
  127  11:01  Bunker  
  127  11:06  Marine x2  
  127  11:10  Marine  
  114  11:13  Ghost x2  
  114  11:17  Marine, Ghost  
  99  11:24  Marine  
  99  11:25  Medivac  
  91  11:26  Marine  
  91  11:28  Marine  
  91  11:31  Missile Turret x2  
  89  11:35  Marine  
  78  11:40  SCV x3  
  78  11:41  Marine  
  78  11:42  Marine, Ghost  
  78  11:44  Marine  
  81  11:49  Medivac  
  81  11:50  Marine x2  
  81  11:52  SCV x2  
  81  11:53  Marine, SCV  
  89  11:56  Missile Turret  
  89  11:58  Command Center  
  89  12:00  Widow Mine x2  
  89  12:01  Medivac  
  95  12:04  SCV  
  95  12:05  SCV  
  95  12:08  Marine x2  
  98  12:09  SCV  
  98  12:11  Marine  
  101  12:16  SCV  
  101  12:17  Marine x4  
  106  12:24  SCV x2  
  106  12:29  SCV  
  109  12:30  Marine x3  
  109  12:34  Marine  
  107  12:40  Medivac x2  
  107  12:43  Marauder x2  
  107  12:44  Marine  
  111  12:48  Marine x2  
  113  12:52  Widow Mine x2  
  113  12:57  Marine x2  
  119  13:04  Missile Turret, Terran Infantry Weapons Level 3, Terran Infantry Armor Level 3  
  119  13:05  Marine, Sensor Tower  
  119  13:06  Marine, SCV x3  
  119  13:10  Medivac  
  119  13:12  Marauder x2  
  130  13:16  Ghost  
  130  13:17  Marine  
  130  13:18  SCV x3  
  130  13:19  Marine  
  136  13:22  Widow Mine  
  138  13:30  Marine, SCV x2, Refinery  
  138  13:31  SCV  
  142  13:35  Planetary Fortress  
  142  13:41  Marine  
  142  13:42  Marine x2  
  142  13:44  SCV x2  
  142  13:45  SCV  
  142  13:48  Marine  
  148  13:50  Marauder x2  
  152  14:02  Marine  
  148  14:08  Marine  
  142  14:15  Marine  
  142  14:16  Marine x2  
  125  14:19  Medivac  
  125  14:20  Marine x3, Medivac, Widow Mine x2  
  116  14:26  SCV x3  
  116  14:27  Marine  
  117  14:33  Marine  
  117  14:34  Ghost  
  117  14:38  Ghost  
  120  14:41  Marine  
  120  14:42  Barracks  
  120  14:43  Barracks  
  120  14:44  Barracks, Widow Mine  
  119  14:45  Widow Mine  
  119  14:46  Ghost  
  119  14:49  Medivac  
  119  14:50  Medivac  
  119  14:51  Marine x2  
  127  14:54  Marine  
  127  14:59  Marine  
  129  15:02  Ghost  
  129  15:04  Refinery  
  129  15:06  Ghost  
  133  15:08  Marine  
  133  15:09  Marine  
  133  15:11  Widow Mine x2  
  133  15:12  Marine  
  133  15:14  Orbital Command  
  140  15:17  Marine  
  140  15:20  Missile Turret  
  141  15:26  Marine x2  
  143  15:30  Marine  
  143  15:33  Ghost x2  
  146  15:35  Marine  
  146  15:38  Barracks Reactor  
  146  15:39  Barracks Tech Lab x2  
  147  15:44  Marine x2  
  147  15:47  Marine, Medivac, Refinery x2  
  147  15:48  Medivac, Widow Mine  
  147  15:49  Widow Mine  
  156  15:56  Marine, Marauder  
  160  15:57  Marauder  
  160  15:58  Ghost  
  160  16:01  Ghost  
  160  16:02  Marine x2, Marauder  
  168  16:15  Marine x4  
  168  16:17  Ghost x2  
  176  16:20  Marine x2  
  176  16:23  Marine  
  179  16:27  Marine  
  179  16:31  Marauder  
  182  16:32  Marine  
  182  16:33  Marine x3  
  182  16:35  Command Center x2  
  182  16:38  Marine x2  
  188  16:51  Supply Depot  
Tags
 
Add a new tag
Caveats
  • Supply blocks, unpowered buildings, or Contaminate may cause inaccurate times.
  • Supply counts are checked every 10 seconds.